 Dungeon Crawl Stone Soup version 0.24-a0-447-ge8da9206dc (webtiles) character file.

Game seed: 13547804840028227471

423108 Inquire the Bludgeoner (level 23, -5/209 HPs)
             Began as a Hill Orc Assassin on June 25, 2019.
             Was the Champion of Okawaru.
             Killed from afar by Nikola (8 damage)
             ... with a chain lightning
             ... on level 3 of the Depths.
             The game lasted 01:53:55 (57248 turns).

Inquire the Bludgeoner (Hill Orc Assassin)         Turns: 57248, Time: 01:53:55

Health: -5/209     AC: 28    Str: 28    XL:     23   Next: 75%
Magic:  12/12      EV: 20    Int: 22    God:    Okawaru [******]
Gold:   1954       SH:  6    Dex: 18    Spells: 31/42 levels left

rFire    + + +     SeeInvis .   o - +7 broad axe of Ypokhim {antimagic, rElec}
rCold    + + +     Gourm    .   z - +1 buckler of the Enchanted Forest {rC+ Int+2 Slay+3}
rNeg     . . .     Faith    +   O - +3 fire dragon scales of Demons {rF++ rC- Int+4 Dex+4}
rPois    .         Spirit   .   c - +2 helmet {Int+3}
rElec    +         Reflect  .   M - scarf {rC+ rF+}
rCorr    +         Harm     .   d - +2 pair of gloves "Kupe" {MR++ rCorr Str-3 Int+2}
MR       ++++.                  b - +2 pair of boots {Fly}
Stlth    ++++......             q - amulet of faith
HPRegen  0.44/turn              E - ring "Xawih" {rC+ MR+ EV+4}
MPRegen  0.13/turn              R - ring "Dymifid" {rC+ Str+4}

@: mighty, finesse, flying, deflect missiles
A: rugged brown scales 1, thin metallic scales 1, subdued magic 1
}: 2/15 runes: decaying, serpentine
a: Heroism, Finesse, Renounce Religion, Stop Flying


You were on level 3 of the Depths.
You worshipped Okawaru.
Okawaru was exalted by your worship.
You were full.

You visited 10 branches of the dungeon, and saw 45 of its levels.
You visited 1 bazaar.
You also visited: Sewer and Gauntlet.

You collected 7049 gold pieces.
You spent 5095 gold pieces at shops.

Inventory:

Hand Weapons
 o - the +7 broad axe of Ypokhim (weapon) {antimagic, rElec}
   (Okawaru gifted it to you on level 13 of the Dungeon)

   It reduces the magical energy of the wielder, and disrupts the spells and
   magical abilities of those hit.
   Natural abilities and divine invocations are not affected.
   It insulates you from electricity.
 A - the +9 hunting sling of Righteous Anger {venom, Int+3}
   (You found it on level 1 of the Swamp)

   It poisons the ammo it fires.
   It affects your intelligence (+3).
 N - a +6 eveningstar of freezing
 P - the +9 great mace of Athocrek {crush, +Blink rC+ SInv}
   (Okawaru gifted it to you on level 1 of the Elven Halls)

   It inflicts extra damage upon your enemies.
   It protects you from cold.
   It lets you see invisible.
   It lets you blink.
Missiles
 j - 25 silver javelins
 s - 15 curare-tipped darts (quivered)
 K - 49 atropa-tipped darts
 S - 3 datura-tipped darts
Armour
 b - a +2 pair of boots of flying (worn)
 c - a +2 helmet of intelligence (worn)
 d - the +2 pair of gloves "Kupe" (worn) {MR++ rCorr Str-3 Int+2}
   (Okawaru gifted it to you on level 3 of the Vaults)

   It affects your strength (-3).
   It affects your intelligence (+2).
   It affects your resistance to hostile enchantments.
   It provides partial protection from all sources of acid and corrosion.
 h - +5 storm dragon scales {Bai Suzhen}
 z - the +1 buckler of the Enchanted Forest (worn) {rC+ Int+2 Slay+3}
   (Okawaru gifted it to you on level 14 of the Dungeon)

   It affects your intelligence (+2).
   It affects your accuracy and damage with ranged weapons and melee attacks
   (+3).
   It protects you from cold.
 D - the +0 buckler of the Arcane {rF+}
   (Okawaru gifted it to you on level 1 of the Lair of Beasts)

   It protects you from fire.
 L - the +5 scale mail of Time Monsters {MR+ Slay+3 SInv}
   (You found it on level 14 of the Dungeon)

   It affects your accuracy and damage with ranged weapons and melee attacks
   (+3).
   It affects your resistance to hostile enchantments.
   It lets you see invisible.
 M - a scarf of resistance (worn)
 O - the +3 fire dragon scales of Demons (worn) {rF++ rC- Int+4 Dex+4}
   (You found it in a Gauntlet)

   It affects your intelligence (+4).
   It affects your dexterity (+4).
   It greatly protects you from fire.
   It makes you vulnerable to cold.
 Y - the +3 scale mail of Joy {rN++}
   (You bought it in a shop in a bazaar)

   It greatly protects you from negative energy.
Jewellery
 g - an uncursed ring of positive energy
 p - an uncursed ring of protection from magic
 q - an amulet of faith (around neck)
 t - a +3 amulet of reflection
 v - an uncursed amulet of the acrobat
 E - the ring "Xawih" (left hand) {rC+ MR+ EV+4}
   (You acquired it on level 4 of the Vaults)

   [ring of evasion]

   It affects your evasion (+4).
   It protects you from cold.
   It affects your resistance to hostile enchantments.
 Q - an uncursed ring of protection from cold
 R - the ring "Dymifid" (right hand) {rC+ Str+4}
   (You found it on level 1 of the Lair of Beasts)

   [ring of protection from cold]

   It affects your strength (+4).
   It protects you from cold.
Wands
 e - a wand of digging (13)
 m - a wand of paralysis (22)
 x - a wand of scattershot (16)
 B - a wand of polymorph (9)
 C - a wand of disintegration (104)
 G - a wand of flame (11)
 T - a wand of iceblast (60)
Scrolls
 l - 18 scrolls of remove curse
 n - 8 scrolls of fog
 u - 7 scrolls of teleportation
 H - 2 scrolls of magic mapping
 I - 6 scrolls of fear
 U - 11 scrolls of amnesia
 Z - 4 scrolls of silence
Potions
 r - a potion of might
 w - 2 potions of magic
 J - 6 potions of haste
 V - 4 potions of ambrosia
 X - 3 potions of brilliance
Miscellaneous
 y - a fan of gales (inert)
Comestibles
 f - 46 rations


   Skills:
 * Level 16.3 Fighting
   Level 2.0 Short Blades
 - Level 12.0(18.4) Axes
 - Level 19.2(20.0) Maces & Flails
 - Level 1.7 Throwing
 - Level 10.2 Armour
 - Level 7.7 Dodging
 - Level 13.1 Stealth
 - Level 4.0 Shields
 - Level 10.3 Spellcasting
 - Level 11.7 Hexes
 - Level 13.3 Charms
 - Level 11.9 Air Magic
 * Level 17.9 Invocations


You had 31 spell levels left.
You knew the following spells:

 Your Spells              Type           Power        Failure   Level  Hunger
a - Silence               Hex/Air        #####.....   1%          5    ####...
b - Deflect Missiles      Chrm/Air       ######....   9%          6    ######.

Your spell library contained the following spells:

 Spells                   Type           Power        Failure   Level  Hunger
 Confusing Touch          Hex            #####.       1%          1    None
 Shock                    Conj/Air       ####         1%          1    None
 Poisonous Vapours        Pois/Air       ####..       1%          2    None
 Swiftness                Chrm/Air       ######..     1%          2    None
 Confuse                  Hex            #####...     1%          3    None
 Airstrike                Air            #####.....   1%          4    ##.....
 Cause Fear               Hex            #####.....   1%          4    ##.....
 Dazzling Spray           Conj/Hex       ####..       2%          3    None
 Inner Flame              Hex/Fire       ####....     2%          3    None
 Static Discharge         Conj/Air       ####....     2%          3    None
 Mephitic Cloud           Conj/Pois/Air  ###.....     6%          3    None
 Fulminant Prism          Conj/Hex       ####......   9%          4    ##.....
 Flame Tongue             Conj/Fire      #....        11%         1    None
 Magic Dart               Conj           #...         11%         1    None
 Sting                    Conj/Pois      #...         11%         1    None
 Summon Butterflies       Summ           #.......     11%         1    None
 Searing Ray              Conj           #.....       16%         2    None
 Throw Flame              Conj/Fire      #.....       16%         2    None
 Iskenderun's Battlesphe  Conj/Chrm      ####....     19%         5    ####...
 Lightning Bolt           Conj/Air       ####......   26%         5    ####...
 Metabolic Englaciation   Hex/Ice        ####......   26%         5    ####...
 Summon Mana Viper        Hex/Summ       ####....     26%         5    ####...
 Yara's Violent Unravell  Hex/Tmut       ####......   26%         5    ####...
 Call Canine Familiar     Summ           #.......     32%         3    None
 Conjure Flame            Conj/Fire      #.......     32%         3    None
 Gell's Gravitas          Tloc           #.........   32%         3    None
 Ignite Poison            Fire/Tmut/Pois #.......     32%         3    None
 Recall                   Summ/Tloc      N/A          32%         3    None
 Animate Dead             Necr           N/A          73%         4    ##.....
 Force Lance              Conj/Tloc      #.......     73%         4    ##.....
 Iskenderun's Mystic Bla  Conj           #.......     73%         4    ##.....
 Olgreb's Toxic Radiance  Pois           #.......     73%         4    ##.....
 Petrify                  Tmut/Erth      #.......     73%         4    ##.....
 Sticky Flame             Conj/Fire      #.......     73%         4    ##.....
 Summon Ice Beast         Ice/Summ       #.......     73%         4    ##.....
 Blade Hands              Tmut           #.........   97%         5    ####...
 Bolt of Draining         Conj/Necr      #.........   97%         5    ####...
 Bolt of Magma            Conj/Fire/Erth #.........   97%         5    ####...
 Borgnjor's Vile Clutch   Necr/Erth      #.........   97%         5    ####...
 Fireball                 Conj/Fire      #.........   97%         5    ####...
 Venom Bolt               Conj/Pois      #.........   97%         5    ####...
 Discord                  Hex            #####.....   99%         8    #######
 Death Channel            Necr           #.........   100%        6    ######.
 Hydra Form               Tmut           #.........   100%        6    ######.
 Iron Shot                Conj/Erth      #.........   100%        6    ######.
 Simulacrum               Ice/Necr       #.........   100%        6    ######.
 Orb of Destruction       Conj           #.........   100%        7    #######
 Spellforged Servitor     Conj/Summ      #.........   100%        7    #######
 Summon Hydra             Summ           #.........   100%        7    #######


Dungeon Overview and Level Annotations

Branches:
Dungeon (15/15)            Temple (1/1) D:4            Lair (6/6) D:8
  Swamp (4/4) Lair:4        Snake (4/4) Lair:2        Slime (0/5) Lair:6
    Orc (2/2) D:10            Elf (3/3) Orc:2        Vaults (4/5) D:14
  Crypt (3/3) Vaults:3       Tomb (0/3) Crypt:3      Depths (3/5) D:15

Altars:
Ashenzari
Cheibriados
Dithmenos
Elyvilon
Fedhas
Gozag
Hepliaklqana
Kikubaaqudgha
Makhleb
Nemelex Xobeh
Okawaru
Qazlal
Ru
Sif Muna
Trog
Uskayaw
Vehumet
Wu Jian
Xom
Yredelemnul
Zin
The Shining One
Beogh
Jiyva

Shops:
D:9 }?%?   D:11 [   D:12 ?%*%   D:14 (   Orc:1 =   Orc:2 ?![:   Elf:1 %
Snake:1 :   Vaults:3 ((?   Depths:1 *

Portals:
Hell: Depths:2
Bazaar: D:14

Annotations:
D:7 3 runed translucent doors, P0WERM0DE's ghost, novice GrFi
D:14 BAZAAR
D:15 3 runed translucent doors, Ceurooq's ghost, adept HaBe; firegrace's ghost, journeyman GrFi
Lair:1 exclusion: oklob plant
Lair:6 1 runed translucent door
Snake:1 exclusion: Roxanne, Roxanne
Elf:2 4 runed translucent doors
Depths:1 Aizul
Depths:2 17 runed doors
Depths:3 Nikola


Innate Abilities, Weirdness & Mutations

You are partially covered in rugged brown scales. (AC +1, +3% HP)
You are partially covered in thin metallic scales. (AC +2)
Your spells are a little easier to cast, but a little less powerful.


Message History

The necromancer binds the souls of nearby monsters.
Unknown command.
Unknown command.
Okay, then.
Casting: Silence (safe; 1% risk of failure)
Confirm with . or Enter, or press ? or * to list all spells.
Okay, then.
Evoke which item? (* to show all) (? for menu, Esc to quit)
A fierce wind blows from the fan.
The necromancer is blown away by the wind.
You hear a shout!
Unknown command.
Okay, then.
Okay, then.
Nikola gestures wildly while chanting.
You hear a mighty clap of thunder!
The lightning arc hits the titan skeleton!!!
The lightning arc hits the necromancer!!
The lightning arc hits you! You resist.
You die...

###########
#.........#
#.........#
#...ZZ....#
#...Z......
#.@.Z.....#
.....'...Z...#..
#.##.#...p.....#
# #......@#..
#.........#
#.......#..
#.........#
#.......#.


You could see Nikola, a necromancer, a sphinx zombie, a titan zombie, a
juggernaut zombie, a titan skeleton and a juggernaut skeleton.

Vanquished Creatures
  Mara (Vaults:4)
  Bai Suzhen (Snake:4)
  Xtahua (Vaults:4)
  2 caustic shrikes
  A profane servitor (Crypt:3)
  A bone dragon (Crypt:3)
  The ghost of Hoeroty the Executioner, an adept HOFi of Beogh (Vaults:3)
  4 liches
  Jorgrun (D:12)
  A titan (Depths:2)
  4 sphinxes
  2 thorn hunters (Swamp:4)
  Kirke (D:13)
  5 ancient champions
  A storm dragon (Depths:2)
  Donald (Elf:1)
  10 nagarajas
  3 fire giants
  3 revenants
  5 vault wardens
  2 deep elf sorcerers
  An orc warlord (Elf:1)
  2 frost giants
  3 ghouls
  A caustic shrike zombie (Crypt:2)
  10 ironheart preservers
  A curse skull (Crypt:3)
  13 stone giants
  7 vampire knights
  3 dire elephants (Lair:6)
  A minotaur (Gauntlet)
  A deep elf demonologist (Depths:2)
  A spark wasp (Depths:2)
  A dire elephant (shapeshifter) (Depths:2)
  An eidolon (Crypt:1)
  5 fire dragons
  Snorg (Lair:5)
  5 ettins
  4 deep elf death magi
  19 jiangshi
  8 yaktaur captains
  4 great orbs of eyes
  4 vault guards
  A deep elf high priest (Elf:2)
  3 rakshasas
  3 ice dragons
  2 spriggan air magi
  5 anacondas
  18 naga warriors
  26 hydras
  34 two-headed ogres
  3 ghost crabs
  6 death knights
  7 ogre magi
  2 shambling mangroves
  11 centaur warriors
  A tengu warrior (Depths:2)
  A queen ant (shapeshifter) (Vaults:1)
  3 death yaks (Lair:6)
  13 alligators
  6 deep troll earth magi
  4 deep troll shamans
  An orc high priest (Orc:2)
  6 vampire magi
  15 dancing weapons
  Urug (Lair:3)
  4 spriggan berserkers
  8 shock serpents
  23 naga sharpshooters
  A hell knight (Crypt:3)
  9 deep elf knights
  The ghost of Gargoyl the Chopper, a novice CeAK of Lugonu (Lair:1)
  An iron troll (D:11)
  2 shadow wraiths (Crypt:3)
  A fire crab (Gauntlet)
  A spriggan (Swamp:2)
  31 skeletal warriors
  3 salamander mystics (Snake:4)
  2 glowing orange brains
  35 deep trolls
  2 unseen horrors
  A spriggan druid (Swamp:4)
  3 wizards
  8 phantasmal warriors
  An orange crystal statue (D:14)
  12 swamp dragons
  3 ironbrand convokers
  7 naga ritualists
  A shadow dragon zombie (Crypt:2)
  18 deep elf archers
  2 flayed ghosts (Crypt:3)
  A glowing orange brain (shapeshifter) (D:14)
  2 lindwurms
  4 necromancers
  28 ugly things
  A wolf spider zombie (D:15)
  12 orc knights
  5 mana vipers
  8 cyclopes
  3 manticores
  A wolf spider (shapeshifter) (Elf:1)
  A shadow dragon skeleton (Crypt:1)
  44 deep elf magi
  A mana viper (shapeshifter) (Elf:1)
  11 salamanders
  2 moths of wrath (Lair:1)
  5 wolf spiders
  A centaur zombie (D:13)
  8 elephants
  24 black mambas
  A dire elephant zombie (Crypt:2)
  10 vault sentinels
  29 naga magi
  4 orange demons (D:15)
  5 gargoyles
  7 guardian serpents
  An elephant slug zombie (Crypt:1)
  A black draconian zombie (Crypt:2)
  12 spiny frogs
  5 rime drakes
  40 yaktaurs
  9 komodo dragons
  2 kobold demonologists (D:12)
  8 freezing wraiths
  An ice devil (Gauntlet)
  A tengu conjurer (D:15)
  8 tyrant leeches
  A green draconian skeleton (Crypt:1)
  13 trolls
  3 meliai (Lair:5)
  2 queen bees
  A hornet (Swamp:2)
  3 polar bears
  Grinder (D:4)
  A polar bear (shapeshifter) (D:13)
  2 spectral guardian serpents (Crypt:1)
  22 slime creatures
  3 bog bodies
  A meliai zombie (D:14)
  9 blink frogs
  A frost giant simulacrum (Crypt:1)
  4 small abominations (Crypt:3)
  6 dream sheep (Lair:4)
  9 hippogriffs
  2 spriggans (shapeshifter)
  2 air elementals
  2 water elementals
  13 wraiths
  53 flying skulls
  14 shadows
  7 wyverns
  2 hogs (D:13)
  2 tarantellas (shapeshifter)
  20 humans
  3 fire bats (Gauntlet)
  A basilisk (shapeshifter) (Elf:2)
  36 yaks
  4 basilisks
  A hog (shapeshifter) (D:15)
  A steam dragon (shapeshifter) (Vaults:2)
  18 swamp worms
  4 hungry ghosts
  3 wargs
  17 vampire mosquitoes
  A soldier ant (D:12)
  53 nagas
  A soldier ant (shapeshifter) (Vaults:4)
  25 water moccasins
  A deep troll zombie (Crypt:1)
  5 acid dragons
  3 hell hounds (Gauntlet)
  A spiny frog zombie (Crypt:3)
  9 porcupines
  A two-headed ogre skeleton (Crypt:2)
  2 torturous demonspawn skeletons
  A water nymph skeleton (Crypt:2)
  An ice beast (D:7)
  60 orc warriors
  15 swamp drakes
  A dream sheep zombie (Crypt:1)
  An elephant zombie (Crypt:1)
  A snapping turtle zombie (Crypt:2)
  Purgy (Sewer)
  25 ogres
  2 phantoms
  4 sky beasts
  A swamp dragon skeleton (Crypt:2)
  5 necrophages
  5 boggarts
  29 centaurs
  22 wolves
  13 crocodiles
  3 big kobolds
  An elf zombie (Crypt:1)
  17 bullfrogs
  5 earth elementals
  7 scorpions
  66 killer bees
  18 wights
  A howler monkey (D:12)
  2 electric eels (D:11)
  A troll skeleton (Crypt:1)
  9 crimson imps
  A bullfrog zombie (D:9)
  2 quasits
  2 centaur skeletons
  6 hounds
  A human zombie (Crypt:1)
  7 jellies
  A gnoll shaman (D:7)
  29 orc priests
  3 bullfrog skeletons
  Crazy Yiuf (D:3)
  Jessica (D:2)
  Terence (D:2)
  Natasha (twice) (D:3)
  5 iguanas
  26 orc wizards
  13 worker ants
  Ijyb (D:3)
  A deep dwarf zombie (Crypt:2)
  A naga skeleton (Crypt:3)
  A hound zombie (D:9)
  An ogre skeleton (Crypt:3)
  3 hound skeletons
  7 gnolls
  2 howler monkey skeletons
  19 adders
  4 river rats (D:5)
  2 shadow imps
  3 white imps (Gauntlet)
  An adder zombie (D:8)
  3 adder skeletons
  4 worms
  A dart slug (D:3)
  3 leopard geckos
  141 orcs
  3 ball pythons
  5 bats
  6 giant cockroaches
  9 goblins
  A hobgoblin (D:3)
  9 jackals
  5 quokkas
  6 frilled lizards
  A goblin zombie (Crypt:2)
  A jackal zombie (D:7)
  25 kobolds
  A leopard gecko skeleton (D:5)
  A quokka zombie (D:7)
  13 rats
  A rat zombie (Crypt:1)
  6 plants (Lair:6)
1903 creatures vanquished.

Vanquished Creatures (collateral kills)
  A naga warrior (Snake:3)
  A salamander (Snake:3)
  A guardian serpent (Snake:3)
  A naga mage (Snake:3)
  3 killer bees (D:4)
  A crimson imp (D:5)
8 creatures vanquished.

Vanquished Creatures (others)
  2 spark wasps (Depths:1)
  A vampire mage (Depths:2)
  A shadow wraith (Vaults:4)
  An ironbrand convoker (Vaults:4)
  A salamander (Snake:4)
  A naga mage (Snake:3)
  6 slime creatures (Depths:1)
  A blink frog (Swamp:4)
  An orc warrior (Vaults:4)
  2 killer bees (D:4)
  An orc wizard (Vaults:4)
  A worker ant (D:8)
  An orc (Vaults:4)
  3 briar patches (Swamp:4)
  11 fungi
  10 plants
  7 withered plants
51 creatures vanquished.

Grand Total: 1962 creatures vanquished

Notes
Turn   | Place    | Note
-------+----------+-------------------------------------------
     0 | D:1      | Inquire the Hill Orc Assassin began the quest for the Orb.
     0 | D:1      | Reached XP level 1. HP: 18/18 MP: 1/1
   173 | D:1      | Reached XP level 2. HP: 26/26 MP: 2/2
   745 | D:2      | Found a stormy altar of Qazlal.
   761 | D:2      | Reached XP level 3. HP: 33/33 MP: 3/3
  1114 | D:2      | Noticed Terence
  1164 | D:3      | Reached skill level 5 in Fighting
  1167 | D:3      | Reached XP level 4. HP: 36/42 MP: 4/4
  1259 | D:3      | Noticed Grinder
  1279 | D:3      | Noticed Natasha
  1291 | D:3      | Killed Natasha
  1614 | D:2      | Killed Terence
  1614 | D:2      | Reached XP level 5. HP: 31/51 MP: 5/5
  1899 | D:2      | Noticed Jessica
  1908 | D:2      | Killed Jessica
  2058 | D:3      | Reached skill level 1 in Maces & Flails
  2067 | D:3      | Found an ornate altar of the Wu Jian Council.
  2109 | D:3      | Paralysed by Grinder for 5 turns
  2423 | D:4      | Noticed an ogre
  2446 | D:4      | Paralysed by Grinder for 2 turns
  2764 | D:3      | Noticed Natasha
  2793 | D:3      | Killed Natasha
  2805 | D:3      | Noticed Ijyb
  2809 | D:3      | Killed Ijyb
  2809 | D:3      | Reached XP level 6. HP: 55/60 MP: 6/6
  2848 | D:3      | Found a runed translucent door.
  2849 | D:3      | Noticed Crazy Yiuf
  2944 | D:3      | Killed Crazy Yiuf
  2944 | D:3      | Reached skill level 2 in Maces & Flails
  3061 | D:3      | Found a shattered altar of Ashenzari.
  3178 | D:4      | Found a blossoming altar of Fedhas.
  3344 | D:4      | Killed a killer bee
  3433 | D:4      | You fall into a shaft and drop 3 floors!
  3446 | D:7      | Got a fine flail
  3447 | D:7      | Identified the +7 flail of the Lurker {vamp, rPois MP+9}
                  | (You found it on level 7 of the Dungeon)
  3456 | D:7      | Noticed a water moccasin
  3469 | D:7      | Killed a water moccasin
  3469 | D:7      | Reached skill level 3 in Maces & Flails
  3469 | D:7      | Reached XP level 7. HP: 53/67 MP: 7/7
  3506 | D:7      | Found a sacrificial altar of Ru.
  3700 | D:7      | Reached skill level 4 in Maces & Flails
  3756 | D:7      | Noticed P0WERM0DE's ghost (novice GrFi)
  3756 | D:7      | Noticed a kobold demonologist
  3756 | D:7      | Identified the +4 whip of the Eternal Warrior {chaos,
                  | *Drain +Fly rF+}
  3757 | D:7      | Found a runed translucent gate.
  3757 | D:7      | Found a runed translucent gate.
  3757 | D:7      | Found a runed translucent gate.
  3860 | D:7      | Reached skill level 5 in Maces & Flails
  3924 | D:7      | Reached XP level 8. HP: 78/78 MP: 8/8
  4227 | D:7      | Found a snail-covered altar of Cheibriados.
  4505 | D:5      | Entered Level 5 of the Dungeon
  4612 | D:5      | Reached skill level 6 in Maces & Flails
  4697 | D:5      | Found a deep blue altar of Sif Muna.
  4769 | D:5      | Got a twisted falchion
  4772 | D:5      | Identified the +9 falchion "Jeseute" {flame, rElec rC- rN+
                  | Dex+8 Stlth-} (You found it on level 5 of the Dungeon)
  4869 | D:5      | Found a glowing drain.
  4873 | Sewer    | Entered a sewer
  4895 | Sewer    | Noticed Purgy
  4905 | Sewer    | Killed Purgy
  4905 | Sewer    | Reached skill level 10 in Fighting
  5112 | D:5      | Reached skill level 7 in Maces & Flails
  5366 | D:4      | Reached XP level 9. HP: 77/86 MP: 9/9
  5368 | D:4      | Found a staircase to the Ecumenical Temple.
  5383 | Temple   | Entered the Ecumenical Temple
  5449 | Temple   | Became a worshipper of Warmaster Okawaru
  5803 | D:4      | Reached * piety under Okawaru
  5803 | D:4      | Reached skill level 8 in Maces & Flails
  5856 | D:4      | Paralysed by Grinder for 6 turns
  5865 | D:4      | Paralysed by Grinder for 4 turns
  5873 | D:4      | Killed Grinder
  6446 | D:6      | Found a hazy altar of Hepliaklqana.
  6990 | D:6      | Reached skill level 5 in Invocations
  7146 | D:8      | Found a shadowy altar of Dithmenos.
  7150 | D:8      | Reached ** piety under Okawaru
  7155 | D:8      | Found a radiant altar of Vehumet.
  7155 | D:8      | Found a white marble altar of Elyvilon.
  7155 | D:8      | Found a basalt altar of Yredelemnul.
  7155 | D:8      | Found an opulent altar of Gozag.
  7156 | D:8      | Found a hazy altar of Hepliaklqana.
  7202 | D:8      | Reached skill level 9 in Maces & Flails
  7221 | D:8      | Reached XP level 10. HP: 95/97 MP: 14/14
  7598 | D:8      | Found a staircase to the Lair.
  7706 | D:9      | Found Minoilis's Food Shoppe.
  7738 | D:9      | Found Xaosi's Magic Scroll Shop.
  7748 | D:9      | Reached *** piety under Okawaru
  7774 | D:9      | Bought a scroll of brand weapon for 220 gold pieces
  7774 | D:9      | Bought a scroll of enchant weapon for 82 gold pieces
  7866 | D:9      | Found Gaixew's Magic Scroll Boutique.
  7875 | D:9      | Found Bazxugg's Gadget Shop.
  7879 | D:9      | Bought a scroll of teleportation for 39 gold pieces
  7879 | D:9      | Bought a scroll of teleportation for 39 gold pieces
  7879 | D:9      | Bought a scroll of fear for 45 gold pieces
  7990 | D:10     | Entered Level 10 of the Dungeon
  8338 | D:10     | Reached skill level 10 in Maces & Flails
  8395 | D:10     | Killed an unseen horror
  8395 | D:10     | Reached **** piety under Okawaru
  8395 | D:10     | Received a gift from Okawaru
  8436 | D:10     | Noticed a gargoyle
  8450 | D:10     | Killed a gargoyle
  8577 | D:10     | Reached ***** piety under Okawaru
  8587 | D:10     | Found a staircase to the Orcish Mines.
  8860 | D:10     | Reached XP level 11. HP: 107/107 MP: 17/17
  9322 | D:11     | Received a gift from Okawaru
  9346 | D:11     | Noticed a cyclops
  9412 | Lair:1   | Entered Level 1 of the Lair of Beasts
  9450 | Lair:1   | Reached skill level 11 in Maces & Flails
  9595 | Lair:1   | Received a gift from Okawaru
  9598 | Lair:1   | Got a slimy buckler {god gift}
  9604 | Lair:1   | Identified the +0 buckler of the Arcane {rF+} (Okawaru
                  | gifted it to you on level 1 of the Lair of Beasts)
  9657 | Lair:1   | Noticed a five-headed hydra
  9859 | Lair:1   | Killed a five-headed hydra
  9895 | Lair:1   | HP: 4/107 [komodo dragon (25)]
 10286 | Lair:1   | Reached skill level 12 in Maces & Flails
 10361 | Lair:1   | Noticed an oklob plant
 10388 | Lair:1   | Noticed a moth of wrath
 10390 | Lair:1   | Noticed a moth of wrath
 10396 | Lair:1   | Found a transporter.
 10404 | Lair:1   | Noticed Gargoyl's ghost (novice CeAK)
 10427 | Lair:1   | Found a transporter.
 11114 | Orc:1    | Entered Level 1 of the Orcish Mines
 11114 | Orc:1    | Noticed a two-headed ogre
 11128 | D:10     | Killed a two-headed ogre
 11128 | D:10     | Reached skill level 1 in Armour
 11128 | D:10     | Reached skill level 10 in Invocations
 11554 | Lair:2   | Reached skill level 1 in Dodging
 11596 | Lair:2   | Found a staircase to the Snake Pit.
 11694 | Lair:2   | Reached XP level 12. HP: 90/115 MP: 19/19
 12390 | Lair:3   | Got an iridescent rapier
 12391 | Lair:3   | Identified the +0 rapier of Untruth {venom, Int+4 Dex+7}
                  | (You found it on level 3 of the Lair of Beasts)
 12464 | Lair:3   | Reached ****** piety under Okawaru
 12498 | Lair:3   | Received a gift from Okawaru
 12544 | Lair:3   | Noticed Urug
 12877 | Lair:3   | Reached skill level 13 in Maces & Flails
 12930 | Lair:3   | Reached skill level 5 in Armour
 12945 | Lair:3   | Received a gift from Okawaru
 13085 | Lair:3   | Noticed an eight-headed hydra
 13093 | Lair:4   | Noticed a six-headed hydra
 13152 | Lair:5   | Noticed a seven-headed hydra
 13223 | Lair:5   | Found a gate leading to a gauntlet.
 13255 | Lair:5   | Noticed Snorg
 13286 | Lair:5   | Killed Snorg
 13333 | Gauntlet | Entered a Gauntlet
 13333 | Gauntlet | Found a transporter.
 13333 | Gauntlet | Found a transporter.
 13350 | Gauntlet | Found a transporter.
 13354 | Gauntlet | Found a transporter.
 13362 | Gauntlet | Found a transporter.
 13366 | Gauntlet | Found a transporter.
 13382 | Gauntlet | Found a transporter.
 13392 | Gauntlet | Found a runed translucent door.
 13394 | Gauntlet | Found a transporter.
 13396 | Gauntlet | Found a runed translucent door.
 13412 | Gauntlet | Found a transporter.
 13416 | Gauntlet | Found a transporter.
 13424 | Gauntlet | Found a transporter.
 13428 | Gauntlet | Found a transporter.
 13560 | Gauntlet | Got smoking fire dragon scales
 13565 | Gauntlet | Identified the +3 fire dragon scales of Demons {rF++ rC-
                  | Int+4 Dex+4} (You found it in a Gauntlet)
 13619 | Gauntlet | Reached XP level 13. HP: 88/122 MP: 22/22
 13650 | Gauntlet | Got a brightly glowing hat
 13653 | Gauntlet | Identified the +1 hat "Jummek" {rC+ Stlth+} (You found it
                  | in a Gauntlet)
 13790 | Gauntlet | Noticed a minotaur
 13795 | Gauntlet | Killed a minotaur
 14033 | Lair:5   | Received a gift from Okawaru
 14041 | Lair:5   | Reached skill level 5 in Dodging
 14254 | Lair:4   | Received a gift from Okawaru
 14349 | Lair:4   | Found a staircase to the Swamp.
 14473 | Lair:4   | Reached skill level 14 in Maces & Flails
 14831 | Lair:4   | Noticed a fire dragon
 14848 | Lair:4   | Killed a fire dragon
 14848 | Lair:4   | Received a gift from Okawaru
 14866 | Lair:4   | Identified Nenlonok's Further Steps in Spellcasting
 15566 | Lair:6   | Entered Level 6 of the Lair of Beasts
 15712 | Lair:6   | Received a gift from Okawaru
 15855 | Lair:6   | Found a runed translucent door.
 15856 | Lair:6   | Found a viscous altar of Jiyva.
 15858 | Lair:6   | Found a staircase to the Slime Pits.
 15956 | Lair:6   | Received a gift from Okawaru
 15956 | Lair:6   | Reached XP level 14. HP: 129/129 MP: 24/24
 15959 | Lair:6   | Got a pitted crystal plate armour {god gift}
 15970 | Lair:6   | Identified the +4 crystal plate armour of Okawaru's
                  | Approval {+Fly} (Okawaru gifted it to you on level 6 of the
                  | Lair of Beasts)
 16727 | Lair:6   | Noticed a dire elephant
 16745 | Lair:6   | Killed a dire elephant
 16790 | Lair:6   | Noticed a dire elephant
 16790 | Lair:6   | Noticed a dire elephant
 16804 | Lair:6   | Killed a dire elephant
 16820 | Lair:6   | Killed a dire elephant
 16956 | Lair:3   | Killed Urug
 18025 | Lair:1   | Reached skill level 15 in Maces & Flails
 18038 | Lair:1   | Killed Gargoyl's ghost
 18042 | Lair:1   | Received a gift from Okawaru
 18049 | Lair:1   | Got a pair of slimy gloves {god gift}
 18052 | Lair:1   | Got a fine pewter ring
 18075 | Lair:1   | Identified the +2 pair of gloves "Henuxtu" {-Tele rC+ Str-2
                  | Dex+5} (Okawaru gifted it to you on level 1 of the Lair of
                  | Beasts)
 18091 | Lair:1   | Identified a scroll of acquirement
 18109 | Lair:1   | Identified the ring "Dymifid" {rC+ Str+4} (You found it on
                  | level 1 of the Lair of Beasts)
 18429 | Orc:1    | Found Xiraecuweoh's Jewellery Shoppe.
 18657 | Orc:2    | Entered Level 2 of the Orcish Mines
 18777 | Orc:2    | Found a staircase to the Elven Halls.
 18963 | Orc:2    | Reached skill level 10 in Armour
 19528 | Orc:2    | Found Fayggad's Distillery.
 19528 | Orc:2    | Found Fumoe's Armour Shop.
 19528 | Orc:2    | Found Molab Coepra's Book Boutique.
 19531 | Orc:2    | Found Podoclie's Magic Scroll Shoppe.
 19571 | Orc:2    | Bought a potion of cancellation for 104 gold pieces
 19573 | Orc:2    | Bought a scroll of acquirement for 780 gold pieces
 19573 | Orc:2    | Bought a scroll of teleportation for 45 gold pieces
 19603 | Orc:2    | Bought a manual of Stealth for 1324 gold pieces
 19603 | Orc:2    | Bought a book of Enchantments for 600 gold pieces
 19609 | Orc:2    | Learned a level 5 spell: Silence
 19616 | Orc:2    | Learned a level 6 spell: Deflect Missiles
 20584 | D:11     | Reached XP level 15. HP: 81/136 MP: 26/26
 20591 | D:11     | Reached skill level 5 in Stealth
 20846 | D:11     | Identified the +1 buckler "Qyno" {rF+ Dex+2} (You found it
                  | on level 11 of the Dungeon)
 20961 | D:11     | Found Duyraq's Armour Shop.
 20972 | D:11     | Identified the cursed +1 long sword of Ryaluh {drain,
                  | Str+2}
 20981 | D:11     | Received a gift from Okawaru
 21201 | D:12     | Found Sagruukh's Food Shop.
 21233 | D:12     | Found Guecroil's Magic Scroll Shoppe.
 21237 | D:12     | Bought a scroll of teleportation for 45 gold pieces
 21319 | D:12     | Noticed a fire giant
 21325 | D:12     | Killed a fire giant
 21341 | D:12     | Reached skill level 16 in Maces & Flails
 21352 | D:12     | Identified the cursed +0 whip of Bixithrua {slash, rN+
                  | Dex+6}
 21929 | D:12     | Noticed Jorgrun
 21958 | D:12     | Killed Jorgrun
 22008 | D:12     | Found Wasuulla's Assorted Antiques.
 22015 | D:12     | Bought a scroll labeled FIPOGUO EXITAU for 27 gold pieces
 22015 | D:12     | Bought a scroll of teleportation for 81 gold pieces
 22015 | D:12     | Bought a copper ring for 135 gold pieces
 22024 | D:12     | Found Ufymulon's Food Shop.
 22497 | D:12     | Noticed a fire giant
 22513 | D:12     | Killed a fire giant
 23017 | D:13     | Noticed Kirke
 23350 | D:12     | Bought a slimy ring mail for 243 gold pieces
 23350 | D:12     | Identified the +1 ring mail of Absence {MR+ SInv Stlth-}
                  | (You bought it in a shop on level 12 of the Dungeon)
 23383 | D:13     | Killed Kirke
 23383 | D:13     | Received a gift from Okawaru
 23644 | D:14     | Reached skill level 10 in Stealth
 23800 | D:14     | Got a brightly glowing scale mail
 23801 | D:14     | Identified the +5 scale mail of Time Monsters {MR+ Slay+3
                  | SInv} (You found it on level 14 of the Dungeon)
 23852 | D:14     | Found a gate to the Vaults.
 24090 | D:14     | Found a gateway to a bazaar.
 24130 | D:14     | Found Mowkel's Antique Weapon Shoppe.
 24143 | D:14     | Reached skill level 17 in Maces & Flails
 24247 | D:14     | Received a gift from Okawaru
 24251 | D:14     | Got a warped buckler {god gift}
 24332 | D:14     | Found a roughly hewn altar of Beogh.
 24465 | D:14     | Reached XP level 16. HP: 125/144 MP: 27/27
 24702 | D:14     | Gained mutation: You expend magic power (3 MP) to
                  | strengthen your wands. [potion of mutation]
 24702 | D:14     | Gained mutation: You are robust. (+10% HP) [potion of
                  | mutation]
 24702 | D:14     | Gained mutation: You tend to lose your temper in combat.
                  | [potion of mutation]
 24702 | D:14     | Gained mutation: You are partially covered in thin metallic
                  | scales. (AC +2) [potion of mutation]
 25094 | D:13     | Got a warped broad axe {god gift}
 25095 | D:13     | Identified the +7 broad axe of Ypokhim {antimagic, rElec}
                  | (Okawaru gifted it to you on level 13 of the Dungeon)
 25102 | D:13     | Identified the +1 buckler of the Enchanted Forest {rC+
                  | Int+2 Slay+3} (Okawaru gifted it to you on level 14 of the
                  | Dungeon)
 25133 | D:15     | Entered Level 15 of the Dungeon
 25158 | D:15     | Reached skill level 1 in Axes
 25535 | D:15     | Found a staircase to the Depths.
 25814 | D:15     | Reached skill level 5 in Axes
 26044 | D:15     | Found a runed translucent gate.
 26044 | D:15     | Found a runed translucent gate.
 26045 | D:15     | Noticed Ceurooq's ghost (adept HaBe)
 26046 | D:15     | Noticed firegrace's ghost (journeyman GrFi)
 26047 | D:15     | Found a runed translucent gate.
 26377 | Elf:1    | Entered Level 1 of the Elven Halls
 26430 | Elf:1    | Received a gift from Okawaru
 26550 | Elf:1    | Found Kiheotzo's Food Shop.
 26623 | Elf:1    | Noticed Donald
 26634 | Elf:1    | Killed Donald
 27123 | Elf:1    | Received a gift from Okawaru
 27129 | Elf:1    | Identified the +9 great mace of Athocrek {crush, +Blink rC+
                  | SInv} (Okawaru gifted it to you on level 1 of the Elven
                  | Halls)
 28402 | Elf:2    | Reached XP level 17. HP: 164/164 MP: 28/28
 28426 | Elf:2    | Reached skill level 18 in Maces & Flails
 28503 | Elf:3    | Entered Level 3 of the Elven Halls
 28816 | Elf:2    | Received a gift from Okawaru
 29764 | Elf:2    | Reached skill level 10 in Axes
 29900 | Elf:2    | Found a large runed translucent door.
 29900 | Elf:2    | Found a large runed translucent door.
 29927 | Elf:2    | Found a large runed translucent door.
 29927 | Elf:2    | Found a large runed translucent door.
 30260 | Snake:1  | Entered Level 1 of the Snake Pit
 30388 | Snake:1  | Found Jyokible's Book Shoppe.
 30830 | Snake:1  | Noticed Roxanne
 30990 | Snake:2  | Reached skill level 19 in Maces & Flails
 31036 | Snake:2  | Received a gift from Okawaru
 31369 | Snake:3  | Lost mutation: You expend magic power (3 MP) to strengthen
                  | your wands. [potion of mutation]
 31369 | Snake:3  | Lost mutation: You are robust. (+10% HP) [potion of
                  | mutation]
 31369 | Snake:3  | Lost mutation: You tend to lose your temper in combat.
                  | [potion of mutation]
 31369 | Snake:3  | Gained mutation: Your spells are a little easier to cast,
                  | but a little less powerful. [potion of mutation]
 31369 | Snake:3  | Gained mutation: You are partially covered in rugged brown
                  | scales. (AC +1, +3% HP) [potion of mutation]
 31556 | Snake:3  | Reached skill level 1 in Hexes
 31556 | Snake:3  | Reached skill level 15 in Invocations
 31569 | Snake:3  | Reached skill level 1 in Charms
 31753 | Snake:3  | Received a gift from Okawaru
 31772 | Snake:3  | Identified the +0 chain mail of the Hunter {+Blink rF+ MR+
                  | Int-3} (Okawaru gifted it to you on level 3 of the Snake
                  | Pit)
 32379 | Snake:3  | Reached XP level 18. HP: 154/162 MP: 29/29
 33042 | Snake:4  | Entered Level 4 of the Snake Pit
 33494 | Snake:2  | Reached skill level 1 in Air Magic
 34183 | Snake:4  | Received a gift from Okawaru
 34823 | Snake:4  | Reached skill level 5 in Hexes
 35139 | Snake:4  | Noticed Bai Suzhen
 35174 | Snake:4  | Killed Bai Suzhen
 35174 | Snake:4  | Received a gift from Okawaru
 35426 | Snake:4  | Reached skill level 5 in Charms
 35936 | Snake:4  | Received a gift from Okawaru
 35942 | Snake:4  | Reached XP level 19. HP: 174/174 MP: 31/31
 35948 | Snake:4  | Reached skill level 15 in Fighting
 36109 | Snake:4  | Got a serpentine rune of Zot
 36391 | Swamp:1  | Entered Level 1 of the Swamp
 36512 | Swamp:1  | Identified the +9 hunting sling of Righteous Anger {venom,
                  | Int+3} (You found it on level 1 of the Swamp)
 36606 | Swamp:1  | Found an ornate altar of the Wu Jian Council.
 37418 | Swamp:2  | Reached skill level 1 in Spellcasting
 38015 | Swamp:3  | Received a gift from Okawaru
 38644 | Swamp:4  | Entered Level 4 of the Swamp
 38696 | Swamp:4  | Reached skill level 5 in Air Magic
 39454 | Swamp:4  | Received a gift from Okawaru
 39476 | Swamp:4  | Identified the -4 cloak "Oneogamo" {rElec rF++ rC+ Str-4
                  | Int-3} (Okawaru gifted it to you on level 4 of the Swamp)
 39532 | Swamp:4  | Got a decaying rune of Zot
 40101 | Vaults:1 | Entered Level 1 of the Vaults
 40237 | Vaults:1 | Reached XP level 20. HP: 183/183 MP: 32/32
 40391 | Vaults:1 | Found a hazy altar of Hepliaklqana.
 41369 | Vaults:1 | Found Ulykueki's Antique Weapon Shop.
 41638 | Vaults:1 | Received a gift from Okawaru
 42013 | Vaults:2 | Received a gift from Okawaru
 42076 | Vaults:2 | Identified the +1 plate armour of Lifelessness {rPois rC++
                  | Dex-2 SInv} (Okawaru gifted it to you on level 2 of the
                  | Vaults)
 42291 | Vaults:2 | Reached skill level 5 in Spellcasting
 43305 | Vaults:2 | Reached skill level 10 in Hexes
 43473 | Vaults:2 | Paralysed by an ogre mage for 7 turns
 43811 | Vaults:2 | Paralysed by a sphinx for 7 turns
 44392 | Vaults:3 | Received a gift from Okawaru
 44422 | Vaults:3 | Received a gift from Okawaru
 44428 | Vaults:3 | Identified the +3 chain mail of the Nexus {rF+ Str+4 Dex+2}
                  | (Okawaru gifted it to you on level 3 of the Vaults)
 44485 | Vaults:3 | Reached XP level 21. HP: 167/189 MP: 11/33
 44522 | Vaults:3 | Found Onuyghao's Weapon Shop.
 44690 | Vaults:4 | Found a flickering gateway to a bazaar.
 44730 | Bazaar   | Entered a bazaar
 44763 | Bazaar   | Found Rappy's Book Boutique.
 44780 | Bazaar   | Found Qerchac's Antique Weapon Shoppe.
 44815 | Bazaar   | Found Eddusum's Assorted Antiques.
 44831 | Bazaar   | Found Murchyefu's Armour Emporium.
 44887 | Bazaar   | Bought a scroll of enchant armour for 210 gold pieces
 44887 | Bazaar   | Bought a scroll of blinking for 210 gold pieces
 44967 | Bazaar   | Bought a potion of ambrosia for 224 gold pieces
 44967 | Bazaar   | Bought a scroll of identify for 56 gold pieces
 44967 | Bazaar   | Bought a potion of brilliance for 112 gold pieces
 44983 | Bazaar   | Bought the +3 scale mail of Joy {rN++} for 474 gold pieces
 45178 | Vaults:4 | Reached skill level 10 in Charms
 45267 | Vaults:4 | Noticed Xtahua
 45268 | Vaults:4 | Noticed Mara
 45271 | Vaults:4 | Paralysed by Xtahua for 7 turns
 45860 | Vaults:3 | Received a gift from Okawaru
 45928 | Vaults:3 | Got a pair of warped gloves {god gift}
 45929 | Vaults:3 | Identified the +2 pair of gloves "Kupe" {MR++ rCorr Str-3
                  | Int+2} (Okawaru gifted it to you on level 3 of the Vaults)
 46076 | Vaults:3 | Found a runed translucent door.
 46076 | Vaults:3 | Noticed Hoeroty's ghost (adept HOFi)
 46095 | Vaults:3 | Found Siovabbaesch's Magic Scroll Shop.
 46402 | Vaults:3 | Found a staircase to the Crypt.
 46427 | Vaults:3 | Found Fepso's Antique Weapon Emporium.
 46619 | Vaults:3 | Killed Hoeroty's ghost
 46715 | Crypt:1  | Entered Level 1 of the Crypt
 46840 | Crypt:3  | Entered Level 3 of the Crypt
 47453 | Crypt:3  | Found an ancient bone altar of Kikubaaqudgha.
 47884 | Crypt:3  | Received a gift from Okawaru
 47895 | Crypt:3  | Reached XP level 22. HP: 170/197 MP: 10/34
 48038 | Crypt:3  | Noticed a profane servitor
 48524 | Crypt:3  | Killed a profane servitor
 48529 | Crypt:3  | Reached skill level 10 in Air Magic
 49754 | Crypt:3  | Identified Togis's Reference Book on Shape Shifting
 50220 | Crypt:3  | Found a staircase to the Tomb.
 50261 | Crypt:3  | Got a jewelled troll leather armour
 50657 | Crypt:3  | Got a glittering tin ring
 50659 | Crypt:3  | Identified the ring of Lies {rElec rC+ MR+ Dex-5 Stlth+}
                  | (You found it on level 3 of the Crypt)
 51064 | Crypt:2  | Received a gift from Okawaru
 51814 | Crypt:2  | Identified the +5 troll leather armour of the Snail {Regen+
                  | Str+3 Int-4 Dex+7} (You found it on level 3 of the Crypt)
 53545 | Vaults:4 | Received a gift from Okawaru
 53607 | Vaults:4 | Killed Xtahua
 53660 | Vaults:4 | Got a translucent leather armour
 53931 | Vaults:4 | Got a steaming bronze ring
 53933 | Vaults:4 | Identified the ring "Xawih" {rC+ MR+ EV+4} (You acquired it
                  | on level 4 of the Vaults)
 53975 | Vaults:4 | Noticed Inquire's illusion
 54043 | Vaults:4 | Killed Mara
 54646 | Depths:1 | Entered Level 1 of the Depths
 54732 | Depths:1 | Reached XP level 23. HP: 199/204 MP: 12/36
 54820 | Depths:1 | Found Owoinouch's Demolitions Depot.
 54876 | Depths:1 | Noticed Aizul
 55382 | Depths:2 | Found a huge runed gate.
 55383 | Depths:2 | Found a huge runed gate.
 55383 | Depths:2 | Found a huge runed gate.
 55392 | Depths:2 | Found a huge runed gate.
 55392 | Depths:2 | Found a huge runed gate.
 55392 | Depths:2 | Found a huge runed gate.
 55392 | Depths:2 | Found a huge runed gate.
 55397 | Depths:2 | Found a huge runed gate.
 55397 | Depths:2 | Found a huge runed gate.
 55398 | Depths:2 | Found a huge runed gate.
 55487 | Depths:2 | Found a gateway to Hell.
 55636 | Depths:2 | Received a gift from Okawaru
 55636 | Depths:2 | Reached skill level 10 in Spellcasting
 55796 | Depths:2 | Noticed a caustic shrike
 55838 | Depths:2 | Killed a caustic shrike
 56002 | Depths:2 | Received a gift from Okawaru
 56353 | Depths:2 | Identified the +1 leather armour of Rinimo {rPois rCorr
                  | Stlth-} (You found it on level 4 of the Vaults)
 56381 | Depths:2 | Received a gift from Okawaru
 56859 | Depths:2 | Found a huge runed gate.
 56860 | Depths:2 | Found a huge runed gate.
 56861 | Depths:2 | Found a huge runed gate.
 56863 | Depths:2 | Found a huge runed gate.
 56864 | Depths:2 | Found a huge runed gate.
 56864 | Depths:2 | Found a huge runed gate.
 56864 | Depths:2 | Found a huge runed gate.
 57152 | Depths:3 | Received a gift from Okawaru
 57203 | Depths:3 | Noticed a caustic shrike
 57225 | Depths:3 | Killed a caustic shrike
 57245 | Depths:3 | Noticed Nikola
 57246 | Depths:3 | HP: 9/209 [juggernaut zombie[a necromancer] (16)]
 57246 | Depths:3 | HP: 2/209 [juggernaut zombie[a necromancer] (7)]
 57248 | Depths:3 | Killed from afar by Nikola

Levels and vault maps discovered:
D:1:      minmay_arrival_semitransparent, layout_rooms, serial_forest,
          infiniplex_forest_lined_room_, infiniplex_forest_clump_small,
          infiniplex_forest_straight_4, infiniplex_forest_straight_3,
          infiniplex_forest_clump_small, infiniplex_forest_clump_large,
          infiniplex_forest_lined_room_3, infiniplex_forest_lined_room_,
          infiniplex_forest_end_2, chequers_serial_rivers_room_a
D:2:      layout_rooms, minivault_19, nicolae_qazlal_general_emergency,
          uniq_terence, uniq_jessica
D:3:      layout_loops_ring, lemuel_round_altar, ashenzari_conservatory_becter,
          minmay_misc_feat_iff, uniq_ijyb, uniq_natasha,
          uniq_crazy_yiuf_cottage, uniq_grinder
D:4:      layout_cave_pods, fedhas_altar_4, minmay_temple_entry_from_below_a,
          first_ration
D:5:      layout_gridville, tgw_sif, lightli_sewer_entry_pipes
D:6:      layout_basic, grunt_decor_mini_mirrors, lemuel_tele_altar
D:7:      layout_basic, kennysheep_mini, marbit_many_paths,
          gammafunk_ghost_nasty_kobolds, enter_bailey_2
D:8:      layout_gridville, grunt_temple_overflow_open, david_lair_shrubbed,
          grunt_ogre_cave
D:9:      layout_big_octagon, serial_shops, kennysheep_mini_moat, shop,
          nicolae_shop_statue_plus, shop_scrolls
D:10:     layout_gridville, david_orc_2
D:11:     lemuel_troll_bridge, layout_loops_corners, serial_shops,
          nicolae_shop_stone
D:12:     minmay_expanding_squares, layout_basic, serial_shops, shop, shop,
          shop, shop_statue, uniq_jorgrun
D:13:     layout_loops_ring, uniq_kirke
D:14:     layout_roguey, grunt_vaults_entry_tiered, special_room
          [special_room_orc], serial_shops, statue_bzr, shop,
          nicolae_two_hexagons, st_stairs_5
D:15:     hangedman_depths_entry_civil_slaughter, layout_loops_ring,
          roderic_st_hans_cross, gammafunk_ghost_cemetery,
          einodemon_barbed_minivault
Temple:   cyrus_temple_forest
Lair:1:   layout_roguey, gammafunk_ghost_berserking_beasts,
          minmay_lair_oklob_chamber
Lair:2:   layout_loops_ring, minmay_snake_entry_guardpost_medium,
          lemuel_fruit_fields
Lair:3:   regret_index_tunnel_blossom, layout_misc_corridors, uniq_urug
Lair:4:   dragon1_lemuel, layout_hall_layers, swamp_mist
Lair:5:   layout_hall_layers, special_room [special_room_bee],
          gauntlet_entry_generic, uniq_snorg
Lair:6:   due_jungle_book, layout_long_grid, slime_altar_2
Swamp:1:  layout_falls_marsh, lemuel_altar_in_water, swamp_pool2
Swamp:2:  layout_falls_marsh, nicolae_swamp_round_clearing
Swamp:3:  layout_falls_marsh, hangedman_swamp_ruin_hall
Swamp:4:  swamp, layout_basic_swamp, infiniplex_staircase_pool
Snake:1:  layout_rooms, serial_shops, shop, uniq_roxanne
Snake:2:  layout_layer_cave
Snake:3:  hangedman_cross_stitches, layout_grid_maze
Snake:4:  snake_pit, layout_rooms, uniq_bai_suzhen
Orc:1:    layout_caves, minmay_shop_enchanted_jewellery
Orc:2:    st_orc_rangers, layout_diamond_mine
Elf:1:    minmay_elf_arrival_summoners, layout_gridlike, serial_shops,
          nicolae_shop_crystal, special_room [special_room_orc], minivault_28,
          uniq_donald
Elf:2:    layout_gridlike
Elf:3:    minmay_elf_hall_four_x, layout_loops_corners
Vaults:1: nicolae_vaults_ninety_degrees, grunt_vaults_funnel, v_misc_10,
          v_pattern_1, v_rooms_2, vaults_room_fours, v_alt_pattern_3,
          nicolae_vaults_rhombus_5, layout_vaults_maze_snakey, serial_shops,
          shop, basic_altar
Vaults:2: v_pattern_4, hangedman_vaults_maws, vaults_dpeg_spiral, serial_ice_b,
          hangedman_vaults_capsules, dpeg_vaults_monster_box,
          layout_vaults_omnigrid
Vaults:3: gammafunk_vaults_ghost_grave, ontoclasm_vaults_twist, v_misc_23,
          v_misc_8, minmay_crypt_entry_simple_plaza, v_misc_10,
          vaults_dpeg_diagonal, v_misc_10, hangedman_vaults_maws,
          nicolae_vaults_alarming, vaults_room_mumra_shop_pool,
          layout_vaults_big_room, serial_shops, shop, shop
Vaults:4: v_misc_22, v_misc_13, v_alt_pattern_6, v_misc_27,
          nicolae_vaults_specimen_jars, hangedman_vaults_nails, v_alt_pattern_6,
          layout_vaults_omnicross, serial_shops, bzr_entry_customers, uniq_mara,
          uniq_xtahua
Crypt:1:  layout_gridlike, grunt_ministairs_8, nrook_guardian_serpent_ordinary,
          grunt_megastairs_3
Crypt:2:  layout_basic
Crypt:3:  grunt_crypt_end_deaths_head
Depths:1: evilmike_silver_temple, layout_basic, serial_shops, shop,
          hangedman_decor_slide_cut, rand_demon_pan_entry_1, hell_entry,
          serial_bayou_ford_a, hangedman_abyss_or_decor_stagger,
          serial_sigils_hangedman_shear, nicolae_blasting_shop,
          lemuel_flamethrower_hall, uniq_aizul
Depths:2: minmay_box_of_curves, layout_cave_pools, pf_hell_entry_great_geh,
          serial_sigils_hangedman_quiver, door_vault, infiniplex_staircase_x
Depths:3: minmay_the_grid_square_5x5_4x4 [minmay_the_grid_square_5x5_gyroscope,
          minmay_the_grid_square_5x5_two_walls_a,
          minmay_the_grid_square_5x5_tie, minmay_the_grid_square_5x5_corner,
          minmay_the_grid_square_5x5_inset,
          minmay_the_grid_square_5x5_prize_gold,
          minmay_the_grid_square_5x5_prize_open,
          minmay_the_grid_square_5x5_shrine2,
          minmay_the_grid_square_5x5_tri_point,
          minmay_the_grid_square_5x5_prize_pseudospiral,
          minmay_the_grid_square_5x5_prize_itemx,
          minmay_the_grid_square_5x5_doubleslash,
          minmay_the_grid_square_5x5_shuriken,
          minmay_the_grid_square_5x5_bridge,
          minmay_the_grid_square_5x5_moneybag,
          minmay_the_grid_square_5x5_broken_cross], layout_gridlike,
          serial_shops, shop, grunt_pan_entry_spiral, hex_medium, hell_entry,
          uniq_nikola

Skill      XL: |  1  2  3  4  5  6  7  8  9 10 11 12 13 14 15 16 17 18 19 20 21 22 23 |
---------------+----------------------------------------------------------------------+-----
Fighting       | 3 4 5 6 7 9 10 11 13 14 15 16 | 16.3
Maces & Flails | 1 3 5 7 9 10 12 13 14 15 17 19 | 19.2
Invocations    | 5 9 10 12 13 14 15 16 17 | 17.9
Shields        | 4 |  4.0
Armour         | 2 6 8 10 | 10.2
Dodging        | 1 4 6 7 |  7.7
Stealth        | 4 11 13 | 13.1
Axes           | 9 12 | 12.0
Hexes          | 2 6 8 10 11 | 11.7
Charms         | 2 5 7 9 11 12 13 | 13.3
Air Magic      | 3 6 8 9 11 | 11.9
Spellcasting   | 3 6 7 9 10 | 10.3
Short Blades   | |  2.0
Throwing       | |  1.7

Action                   |  1- 3 |  4- 6 |  7- 9 | 10-12 | 13-15 | 16-18 | 19-21 | 22-24 || total
-------------------------+-------+-------+-------+-------+-------+-------+-------+-------++-------
Melee: Dagger            |   108 |    98 |       |       |       |       |       |       ||   206
       Whip              |       |    57 |       |       |       |       |       |       ||    57
       Flail             |       |    11 |   417 |   732 |  1903 |  1039 |   910 |    20 ||  5032
       Great mace        |       |       |       |    27 |    60 |    42 |       |       ||   129
       Punch             |       |       |       |     3 |    22 |     3 |       |       ||    28
       Unarmed           |       |       |       |       |     4 |       |       |       ||     4
       Broad axe         |       |       |       |       |       |   426 |  1043 |  1230 ||  2699
Throw: Dart              |     9 |    29 |     4 |     5 |     8 |     6 |       |     8 ||    69
 Cast: Deflect Missiles  |       |       |       |       |       |       |     2 |     3 ||     5
       Silence           |       |       |       |       |       |       |       |     3 ||     3
Invok: Heroism           |       |       |     3 |    11 |    33 |    36 |    21 |    16 ||   120
       Finesse           |       |       |       |     1 |     7 |    13 |    11 |    13 ||    45
Evoke: Wand              |       |     2 |     3 |     8 |    13 |     3 |     4 |     1 ||    34
       Fan of gales      |       |       |       |     1 |     1 |       |       |     3 ||     5
       Phantom mirror    |       |       |       |       |       |     1 |       |       ||     1
  Use: Scroll            |     3 |    10 |     6 |    16 |    27 |    14 |    25 |    15 ||   116
       Potion            |     3 |     3 |     6 |     4 |     5 |    11 |    13 |    17 ||    62
 Stab: Sleeping          |     3 |     1 |       |     3 |    13 |    26 |    18 |     6 ||    70
       Distracted        |       |       |       |       |     2 |    10 |     3 |     4 ||    19
       Invisible         |       |       |       |       |       |     4 |     8 |       ||    12
       Confused          |       |       |       |       |       |       |     1 |       ||     1
  Eat: Chunk             |     1 |     7 |    10 |     1 |    18 |     3 |     9 |     1 ||    50
       Ration            |       |       |     3 |     6 |     7 |    10 |    10 |    10 ||    46
Armor: Robe              |    11 |       |       |       |       |       |       |       ||    11
       Skin              |     8 |       |       |       |       |       |       |       ||     8
       Ring mail         |    27 |    49 |   193 |   188 |       |       |       |       ||   457
       Fire dragon scale |       |       |       |    17 |   965 |   522 |   214 |   141 ||  1859
       Storm dragon scal |       |       |       |       |       |    62 |   615 |       ||   677
       Scale mail        |       |       |       |       |       |       |   108 |   245 ||   353
Dodge: Dodged            |    68 |    97 |   234 |   371 |  1594 |   806 |   964 |   606 ||  4740
       Deflected         |       |       |       |       |       |       |    14 |    21 ||    35
Block: Buckler           |       |       |       |    60 |       |   371 |   507 |   245 ||  1183

Table legend:
 A = Non-vault XP
 B = Vault XP
 C = Vault XP percentage of total XP
 D = Non-vault monster count
 E = Vault monster count
 F = Vault count percentage of total count
                 A         B        C        D         E       F
            +---------+---------+-------+---------+---------+-------
      Total |  461574 |  338696 |  42.3 |    1260 |     652 |  34.1
            +---------+---------+-------+---------+---------+-------
        D:1 |      22 |       0 |   0.0 |      13 |       0 |   0.0
        D:2 |      92 |      73 |  44.2 |      22 |       2 |   8.3
        D:3 |      98 |     107 |  52.2 |      26 |       3 |  10.3
        D:4 |     801 |     295 |  26.9 |      22 |       1 |   4.3
        D:5 |     690 |     130 |  15.9 |      30 |      14 |  31.8
        D:6 |     782 |       0 |   0.0 |      13 |       0 |   0.0
        D:7 |     881 |      11 |   1.2 |      40 |       1 |   2.4
        D:8 |     960 |     492 |  33.9 |      26 |       2 |   7.1
        D:9 |     869 |       0 |   0.0 |      23 |       0 |   0.0
       D:10 |    3951 |     281 |   6.6 |      39 |       8 |  17.0
       D:11 |    4299 |    5002 |  53.8 |      43 |      13 |  23.2
       D:12 |    3212 |   11675 |  78.4 |      26 |      21 |  44.7
       D:13 |    5133 |    2492 |  32.7 |      34 |       3 |   8.1
       D:14 |    6319 |   10950 |  63.4 |      30 |      53 |  63.9
       D:15 |    6100 |    7795 |  56.1 |      23 |      17 |  42.5
     Lair:1 |    5819 |    2806 |  32.5 |      27 |       7 |  20.6
     Lair:2 |    2257 |     972 |  30.1 |      13 |       7 |  35.0
     Lair:3 |    4164 |    6487 |  60.9 |      17 |      44 |  72.1
     Lair:4 |    5454 |    1124 |  17.1 |      21 |       1 |   4.5
     Lair:5 |    3730 |    3613 |  49.2 |      15 |      26 |  63.4
     Lair:6 |   16399 |    2800 |  14.6 |      47 |       5 |   9.6
    Swamp:1 |    5390 |       0 |   0.0 |      17 |       0 |   0.0
    Swamp:2 |   15503 |       0 |   0.0 |      28 |       0 |   0.0
    Swamp:3 |    9315 |       0 |   0.0 |      25 |       0 |   0.0
    Swamp:4 |   16040 |   20427 |  56.0 |      31 |      30 |  49.2
    Snake:1 |   10595 |       0 |   0.0 |      19 |       0 |   0.0
    Snake:2 |   20321 |       0 |   0.0 |      41 |       0 |   0.0
    Snake:3 |   29443 |    6344 |  17.7 |      57 |      12 |  17.4
    Snake:4 |   18394 |   37593 |  67.1 |      29 |      45 |  60.8
      Orc:1 |    3379 |       0 |   0.0 |      50 |       0 |   0.0
      Orc:2 |    3325 |    6562 |  66.4 |      27 |      41 |  60.3
      Elf:1 |   17751 |   17531 |  49.7 |      27 |      33 |  55.0
      Elf:2 |   15987 |    3625 |  18.5 |      26 |       4 |  13.3
      Elf:3 |    1449 |       0 |   0.0 |       3 |       0 |   0.0
   Vaults:1 |   25795 |   15206 |  37.1 |      46 |      22 |  32.4
   Vaults:2 |   33996 |   12465 |  26.8 |      47 |      20 |  29.9
   Vaults:3 |   37918 |   16019 |  29.7 |      57 |      20 |  26.0
   Vaults:4 |   27019 |   18771 |  41.0 |      45 |      17 |  27.4
    Crypt:1 |   21781 |    8076 |  27.0 |      36 |      14 |  28.0
    Crypt:2 |   21256 |       0 |   0.0 |      32 |       0 |   0.0
    Crypt:3 |       0 |   75519 | 100.0 |       0 |     123 | 100.0
   Depths:1 |   10666 |       0 |   0.0 |      15 |       0 |   0.0
   Depths:2 |   34075 |   28692 |  45.7 |      42 |      16 |  27.6
   Depths:3 |   10144 |   10509 |  50.9 |      10 |       5 |  33.3
      Sewer |       0 |     143 | 100.0 |       0 |       7 | 100.0
   Gauntlet |       0 |    4109 | 100.0 |       0 |      15 | 100.0
            +---------+---------+-------+---------+---------+-------
